 Dungeon Crawl Stone Soup version 0.31-a0-175-g9f7f995f2b (webtiles) character file.

Game seed: 10549426958820032118

84 mopl the Trooper (level 4, -4/52 HPs)
             Began as a Demonspawn Fighter on June 16, 2023.
             Slain by a gnoll
             ... wielding a +2 flail of protection
              (7 damage)
             ... on level 3 of the Dungeon.
             The game lasted 00:04:03 (1928 turns).

mopl the Trooper (Demonspawn Fighter)               Turns: 1928, Time: 00:04:04

Health: -4/52      AC: 22    Str: 18    XL:     4   Next: 24%
Magic:  4/4        EV:  2    Int:  9    God:
Gold:   139        SH:  4    Dex: 13    Spells: 3/3 levels left

rFire   + . .        a - +0 war axe
rCold   . . .        c - +0 buckler
rNeg    + . .        u - melded +8 chain mail of the Gusle {Int+2}
rPois   +            (helmet currently unavailable)
rElec   .            (cloak currently unavailable)
rCorr   .            (gloves currently unavailable)
SInv    .            (boots currently unavailable)
Will    .....        p - amulet of the acrobat
Stlth   +            m - ring of protection from fire
HPRegen 0.28/turn    v - ring of positive energy
MPRegen 0.09/turn

%: acrobat
@: lethally poisoned (-4 -> -11), tree-form
A: stationary, stasis, torment immunity, boosted hp, (slimy green scales 1)
a: no special abilities


You were on level 3 of the Dungeon.
You were a tree.
You visited 1 branch of the dungeon, and saw 4 of its levels.

You collected 139 gold pieces.

Inventory:

Hand Weapons
 a - a +0 war axe (weapon)
Missiles
 b - 7 boomerangs
 o - 7 poisoned darts
 r - 3 javelins
Armour
 c - a +0 buckler (worn)
 u - the +8 chain mail of the Gusle (melded) {Int+2}
   (You found it on level 3 of the Dungeon)

   Int:       It affects your intelligence (+2).
Jewellery
 m - a ring of protection from fire (left branch)
 n - a ring of ice
 p - an amulet of the acrobat (around neck)
 v - a ring of positive energy (right branch)
Scrolls
 e - 2 scrolls of vulnerability {unknown}
 f - 2 scrolls of identify {unknown}
 i - a scroll of immolation {unknown}
 l - a scroll of fear {unknown}
 s - 2 scrolls of poison {unknown}
Potions
 d - 2 potions of might
 g - a potion of magic {unknown}
 h - a potion of enlightenment {unknown}
 j - a potion of curing
 k - 4 potions of lignification {!q}
 q - a potion of attraction {unknown}
 t - 2 potions of heal wounds {unknown}


   Skills:
 + Level 3.4 Fighting
 * Level 2.9 Axes
 + Level 3.1 Armour
 + Level 1.3 Dodging
 - Level 2.6 Shields


You had 3 spell levels left.
You didn't know any spells.
Your spell library contained the following spells:

 Spells                   Type           Power      Damage    Failure   Level
 Kiss of Death            Conj/Necr      0%         2d5       45%         1
 Confusing Touch          Hex            0%         N/A       83%         3
 Portal Projectile        Hex/Tloc       0%         N/A       83%         3
 Tukima's Dance           Hex            0%         N/A       83%         3
 Dispel Undead            Necr           0%         3d6       99%         4
 Blade Hands              Tmut           0%         N/A       100%        5


Dungeon Overview and Level Annotations

Branches:
Dungeon (4/15)
 Temple: D:4-7

Altars:


Innate Abilities, Weirdness & Mutations

You are a tree.
Your roots penetrate the ground, keeping you stationary.
You cannot be teleported.
You are immune to unholy pain and torment.
Your maximum health is greatly increased.
Your equipment is partially melded.
((You are partially covered in slimy green scales. (AC +2)))


Message History

You hit the gnoll but do no damage.
The gnoll is severely wounded.
You barely miss the gnoll.
You feel very sick. The gnoll hits you but does no damage.
You are lethally poisoned!
The gnoll hits you but does no damage.
The gnoll hits you with a +0 flail of venom.
You are more poisoned.
The gnoll barely misses you.
You hit the gnoll but do no damage.
The gnoll is severely wounded.
You hit the gnoll.
* * * LOW HITPOINT WARNING * * *
You feel extremely sick. The gnoll hits you but does no damage.
You are more poisoned.
The gnoll hits you but does no damage.
Unknown command.
It was a potion of lignification.
You turn into a tree.
The +8 chain mail of the Gusle {Int+2} melds into your body.
Your roots penetrate the ground.
* * * LOW HITPOINT WARNING * * *
You feel very sick. The gnoll hits you but does no damage.
You are more poisoned.
You block the gnoll's attack.
It was a potion of curing.
You feel better. The gnoll hits you but does no damage.
You are lethally poisoned!
The gnoll hits you but does no damage.
You hit the gnoll but do no damage.
The gnoll is severely wounded.
You hit the gnoll.
* * * LOW HITPOINT WARNING * * *
You feel very sick.
The gnoll hits you with a +0 flail of venom.
* * * LOW HITPOINT WARNING * * *
The gnoll hits you with a +2 flail of protection!
You die...

#..........# #.........
#..........# #.........
#..........# #.........
#..........# #.........
######.###########.........
#.#...#...#...##...###
#.#.#..............#
#.#.#.g.........##.##
########.#.#♣..........##..##
#..........#g................
#......(....)................
#.........#..#...............
########..##.###.##..#.......
#..##.###.###........)
#..##.....####.#..####
#..###.##......##..###
##.####.######..##.....


You could see 2 gnolls.

Vanquished Creatures
  2 gnolls
  2 dart slugs
  2 orcs (D:3)
  6 bats
  3 endoplasms
  5 giant cockroaches
  8 goblins
  3 hobgoblins
  3 quokkas
  5 ball pythons
  4 frilled lizards
  7 kobolds
  7 rats
57 creatures vanquished.

Notes
Turn   | Place    | Note
-------+----------+-------------------------------------------
     0 | D:1      | mopl the Demonspawn Fighter began the quest for the Orb.
     0 | D:1      | Reached XP level 1. HP: 18/18 MP: 1/1
    98 | D:1      | Reached skill level 2 in Axes
   142 | D:1      | Gained mutation: You are partially covered in slimy green
                  | scales. (AC +2) [demonic ancestry]
   142 | D:1      | Reached XP level 2. HP: 24/24 MP: 2/2
   846 | D:2      | Reached XP level 3. HP: 29/29 MP: 3/3
   900 | D:2      | Reached skill level 3 in Armour
  1230 | D:2      | Reached skill level 1 in Dodging
  1664 | D:3      | Identified the +8 chain mail of the Gusle {Int+2}
  1698 | D:3      | Found a faded altar of an unknown god.
  1887 | D:4      | Reached XP level 4. HP: 35/35 MP: 4/4
  1926 | D:3      | HP: 1/52 [poisoned by a gnoll]
  1928 | D:3      | Slain by a gnoll

Illustrated notes

Levels and vault maps discovered:
D:1:      onia_arrival_handbag, layout_basic
D:2:      layout_basic
D:3:      layout_rooms, chequers_ecumenical_altar_simple, st_stairs_7
D:4:      layout_rooms, nicolae_overflow_crystal_walls,
          cheibrodos_sewer_entry_sluice

Skill      XL: |  1  2  3 |
---------------+----------+-----
Axes           | 2 |  2.9
Armour         | 3 |  3.1
Dodging        | 1 |  1.3
Fighting       | |  3.4
Shields        | |  2.6

Action                     |  1- 3 |  4- 6 || total
---------------------------+-------+-------++-------
  Melee: War axe           |   171 |    14 ||   185
    Use: Potion            |       |     2 ||     2
 Armour: Scale mail        |    45 |       ||    45
         Chain mail        |    75 |    20 ||    95
         Skin              |       |     3 ||     3
  Dodge: Dodged            |    79 |     9 ||    88
  Block: Buckler           |    51 |    11 ||    62

Table legend: (Time is in decaauts)
 A = Elapsed time spent in this place.
 B = Non-inter-level travel time spent in this place.
 C = Inter-level travel time spent in this place.
 D = Time resting spent in this place.
 E = Time spent auto-exploring this place.
 F = Levels seen in this place.
 G = Mean time per level.
                   A        B        C        D        E       F      G
               +--------+--------+--------+--------+--------+-----+--------+
         Total |   2004 |   1965 |     39 |     63 |   1328 |   4 |  501.0 |
       Dungeon |   2004 |   1965 |     39 |     63 |   1328 |   4 |  501.0 |
               +--------+--------+--------+--------+--------+-----+--------+

Top non-repeatable levels by time:
     D:1: 754 daAuts
     D:2: 697 daAuts
     D:3: 474 daAuts
     D:4: 78 daAuts
